Map: Ephemeron LE

Players

Ratl - Winner!

  • Race: Terran Terran
  • League: Silver
  • Spawn Location: 5:00

Chacal

  • Race: Protoss Protoss
  • Spawn Location: 11:00

VOD

Have the link to the VOD?

Description

Time

  • Played on: Jan. 12, 2020, 2:45 p.m.
  • Length: 23:11
Show
View Real Time Build Order
Export as new Build Order

Ratl Terran - Winner!

Build Orders:  

Get SALT Encoding   

  12  0:03  SCV  
  13  0:15  SCV  
  13  0:20  Supply Depot  
  14  0:27  SCV  
  15  0:32  Refinery  
  15  0:42  SCV  
  16  0:50  Barracks  
  16  0:54  SCV  
  17  1:01  Refinery  
  17  1:10  SCV  
  18  1:22  SCV  
  19  1:37  Supply Depot  
  19  2:02  Barracks  
  19  2:11  Command Center  
  19  2:19  SCV  
  20  2:29  Engineering Bay  
  20  2:31  SCV  
  20  2:36  Barracks Tech Lab  
  21  2:43  SCV  
  22  2:49  Engineering Bay  
  22  2:55  SCV  
  23  3:01  Factory  
  23  3:07  SCV  
  24  3:19  Terran Infantry Weapons Level 1  
  24  3:26  Combat Shield  
  25  3:38  Barracks Reactor  
  24  3:46  Terran Infantry Armor Level 1  
  24  3:50  Marine  
  24  3:55  Widow Mine  
  27  4:01  SCV  
  29  4:06  Orbital Command  
  29  4:08  Marine  
  29  4:15  Orbital Command  
  29  4:16  Widow Mine  
  31  4:23  Marine x2  
  33  4:25  Marine  
  34  4:37  Widow Mine  
  37  4:38  SCV  
  37  4:40  Marine  
  37  4:42  SCV  
  39  4:50  SCV  
  40  4:54  SCV, Refinery  
  40  4:58  Refinery  
  40  4:59  Widow Mine  
  43  5:02  SCV  
  44  5:19  Armory  
  44  5:50  Neosteel Armor, Hi-Sec Auto Tracking  
  44  5:51  Armory  
  44  5:54  Stimpack  
  44  5:55  Armory  
  44  5:58  Hellion  
  46  6:13  Supply Depot x3  
  46  6:15  Supply Depot  
  46  6:16  Supply Depot  
  46  6:25  Terran Vehicle Weapons Level 1  
  46  6:34  SCV x2  
  46  6:35  Hellion  
  50  6:46  SCV x2  
  52  6:51  Command Center  
  52  6:54  Refinery  
  52  6:56  Refinery, Hellion  
  52  6:58  SCV x2  
  56  7:11  SCV x2  
  58  7:16  Marine x3  
  58  7:22  Terran Infantry Weapons Level 2  
  61  7:23  SCV x2  
  63  7:33  Concussive Shells  
  63  7:34  Marine x3  
  63  7:35  SCV x2  
  68  7:42  Terran Ship Weapons Level 1, Terran Vehicle And Ship Armor Level 1, Factory Tech Lab  
  68  7:47  SCV  
  69  7:51  Marine x2  
  69  7:52  SCV  
  69  7:53  Starport  
  69  7:54  Starport  
  72  7:59  SCV  
  72  8:04  SCV x2  
  75  8:11  SCV  
  76  8:16  SCV x2  
  76  8:17  Siege Tank  
  81  8:20  Marine x3  
  81  8:23  SCV  
  81  8:24  Infernal Pre-Igniter  
  85  8:28  SCV x2  
  87  8:35  SCV  
  87  8:38  Marine x3  
  91  8:49  Siege Tank  
  91  8:50  SCV x2  
  91  8:54  Orbital Command  
  96  9:02  SCV x2  
  98  9:14  SCV x2  
  100  9:20  Starport Tech Lab  
  100  9:21  Starport Reactor  
  100  9:26  SCV  
  101  9:37  Terran Infantry Armor Level 2  
  101  9:42  Supply Depot  
  101  9:43  Supply Depot, Drilling Claws  
  101  9:46  Supply Depot  
  101  9:47  Supply Depot x3  
  101  9:48  Supply Depot  
  101  9:50  Supply Depot  
  101  10:03  Marine x3, SCV x2, Siege Tank  
  101  10:04  SCV  
  110  10:16  SCV x2  
  110  10:17  SCV  
  113  10:26  Terran Vehicle Weapons Level 2, Fusion Core  
  113  10:27  Terran Vehicle And Ship Armor Level 2  
  113  10:28  SCV x2, Terran Ship Weapons Level 2  
  115  10:29  SCV  
  115  10:30  Terran Infantry Weapons Level 3  
  116  10:40  SCV, Medivac x2  
  116  10:41  Medivac  
  123  11:05  Widow Mine  
  123  11:10  Viking x2  
  123  11:11  Viking  
  129  11:13  Fusion Core  
  131  11:27  Widow Mine  
  133  11:33  Command Center  
  133  11:36  Supply Depot, Refinery  
  133  11:37  Supply Depot, Refinery  
  133  11:40  Viking x2  
  133  11:41  Marine x3, Viking  
  142  11:48  Widow Mine  
  144  11:59  Marine x3  
  144  12:00  Missile Turret  
  147  12:01  Supply Depot  
  147  12:03  Missile Turret, Supply Depot  
  147  12:10  Factory, Widow Mine  
  149  12:17  Marine x2  
  149  12:18  SCV x3  
  149  12:22  Missile Turret  
  154  12:30  SCV x3  
  154  12:31  Widow Mine  
  159  12:42  SCV  
  160  12:47  Planetary Fortress  
  160  12:52  Terran Vehicle Weapons Level 3, Terran Ship Weapons Level 3, Terran Vehicle And Ship Armor Level 3  
  160  12:56  Terran Infantry Armor Level 3  
  160  13:01  Viking  
  160  13:02  Viking x2  
  160  13:03  Marine  
  160  13:04  Marine x2  
  169  13:07  Widow Mine  
  171  13:21  Marine x3  
  174  13:28  Widow Mine  
  174  13:31  Viking  
  174  13:32  Viking  
  180  13:50  Widow Mine  
  182  14:11  Widow Mine  
  182  14:12  Command Center  
  182  14:16  Refinery x2  
  178  14:18  Missile Turret  
  178  14:33  Widow Mine  
  180  14:41  Missile Turret x2  
  180  14:42  Missile Turret  
  174  15:58  Marine x2  
  174  15:59  Reaper  
  177  16:05  Factory Reactor  
  174  16:12  Corvid Reactor  
  174  16:16  Reaper x2  
  174  16:22  Viking x3  
  180  16:31  Reaper  
  162  16:48  Reaper x2  
  162  16:52  Viking x3  
  167  17:02  Cyclone  
  167  17:03  Reaper  
  167  17:04  Hellion  
  167  17:05  Hellion  
  175  17:20  Reaper  
  175  17:22  Viking x3  
  179  17:26  Hellion x2  
  172  17:30  Cloaking Field  
  172  17:34  Cyclone  
  172  17:35  Marauder  
  171  17:47  Hellion x2  
  171  17:52  Banshee  
  171  17:57  Marauder  
  164  18:06  Cyclone  
  157  18:13  Hellion x2  
  157  18:16  Marine x2  
  157  18:18  Marauder  
  148  18:26  Medivac x2  
  146  18:34  Marine x2, Banshee, Hellion x2  
  139  18:38  Cyclone  
  139  18:40  Marauder  
  143  18:49  Hyperflight Rotors  
  143  18:52  Marine x2  
  144  18:56  Medivac x2, Hellion x2  
  144  19:01  Marauder  
  152  19:09  Marine  
  152  19:10  Marine, Cyclone  
  159  19:17  Widow Mine x2, Banshee  
  159  19:22  Marauder  
  166  19:26  Medivac x2  
  170  19:48  Command Center  
  170  19:51  Refinery  
  170  19:55  Hellion x3  
  170  19:56  Medivac x2  
  180  20:00  Banshee  
  180  20:01  Marauder  
  180  20:02  Marine x2  
  187  20:16  Hellion x2  
  187  20:17  Hellion  
  187  20:18  Refinery  
  187  20:19  Marine  
  187  20:20  Marine  
  195  20:22  Marauder  
  197  20:37  Marine  
  197  20:38  Hellion  
  197  20:41  Missile Turret  
  200  20:59  Command Center  
  200  21:00  Refinery  
  200  21:02  Missile Turret  
  200  21:03  Missile Turret, Refinery  
  200  21:24  Missile Turret  
  200  21:25  Missile Turret  
  200  21:26  Missile Turret  
  200  21:27  Missile Turret  
  200  21:46  Missile Turret  
  192  21:50  Missile Turret  
Show
View Real Time Build Order
Export as new Build Order

Chacal Protoss 

Build Orders: Nexus First 

Get SALT Encoding   

  12  0:03  Probe  
  13  0:46  Nexus  
  14  0:50  Probe  
  14  1:02  Probe  
  15  1:16  Assimilator  
  15  1:57  Probe  
  16  2:03  Probe  
  17  2:09  Probe  
  17  2:15  Probe  
  19  2:22  Probe  
  20  2:24  Pylon  
  20  2:27  Probe  
  20  2:29  Pylon  
  21  2:39  Probe  
  21  2:40  Pylon  
  22  2:46  Pylon  
  22  2:51  Probe  
  22  2:52  Pylon  
  23  2:58  Nexus  
  23  3:04  Probe  
  24  3:16  Probe  
  24  3:18  Pylon  
  25  3:27  Pylon  
  25  3:37  Pylon  
  25  4:13  Assimilator  
  25  4:17  Probe  
  26  4:25  Probe  
  26  4:30  Probe  
  28  4:34  Probe  
  28  4:38  Probe  
  30  4:42  Probe  
  31  4:47  Probe  
  31  4:50  Probe  
  33  4:54  Probe  
  34  5:02  Probe  
  34  5:06  Probe  
  36  5:14  Probe  
  37  5:42  Forge  
  37  5:59  Pylon  
  37  6:00  Probe  
  38  6:12  Probe  
  39  6:19  Assimilator  
  39  6:24  Probe  
  40  6:33  Pylon  
  40  6:36  Probe  
  41  6:40  Assimilator  
  41  6:48  Probe  
  42  7:00  Protoss Ground Weapons Level 1  
  42  7:08  Probe  
  43  7:19  Assimilator  
  43  7:20  Probe  
  44  7:25  Assimilator  
  44  7:32  Probe, Pylon  
  44  7:36  Pylon  
  45  7:44  Probe  
  46  7:56  Probe  
  47  8:02  Photon Cannon  
  47  8:08  Photon Cannon  
  47  8:15  Gateway  
  47  8:23  Forge  
  47  8:45  Photon Cannon  
  47  8:46  Probe  
  48  8:58  Probe  
  48  9:02  Pylon  
  49  9:08  Protoss Ground Armor Level 1  
  49  9:10  Probe  
  50  9:22  Probe  
  51  9:28  Photon Cannon  
  51  9:34  Probe  
  52  9:39  Cybernetics Core  
  52  9:45  Photon Cannon  
  52  9:48  Photon Cannon  
  52  9:52  Photon Cannon  
  52  9:58  Photon Cannon  
  52  10:04  Photon Cannon  
  52  10:12  Photon Cannon  
  52  10:19  Photon Cannon  
  52  10:23  Photon Cannon  
  52  10:30  Photon Cannon  
  52  10:34  Photon Cannon  
  52  10:40  Zealot  
  54  10:51  Protoss Air Weapons Level 1  
  54  11:05  Forge  
  54  11:07  Sentry  
  56  11:17  Protoss Shields Level 1, Pylon  
  56  11:33  Stalker  
  56  11:39  Forge  
  58  11:59  Photon Cannon  
  58  12:03  Adept  
  58  12:07  Twilight Council  
  60  12:17  Stargate  
  60  12:22  Robotics Facility  
  60  12:32  Photon Cannon  
  60  12:33  Zealot  
  60  12:35  Photon Cannon  
  62  12:44  Photon Cannon  
  62  12:51  Protoss Ground Weapons Level 2  
  62  12:59  Protoss Air Armor Level 1  
  62  13:01  Zealot  
  64  13:19  Phoenix  
  66  13:27  Resonating Glaives  
  66  13:28  Sentry  
  68  13:44  Oracle  
  71  13:54  Stalker  
  73  13:58  Protoss Shields Level 2  
  73  14:21  Void Ray  
  77  14:24  Adept  
  71  14:51  Photon Cannon  
  71  14:53  Photon Cannon  
  67  15:02  Sentry  
  67  15:04  Void Ray  
  73  15:07  Charge  
  73  15:12  Probe  
  74  15:24  Probe  
  75  15:28  Zealot  
  77  15:36  Probe, Observer  
  79  15:47  Phoenix  
  79  15:49  Photon Cannon  
  81  15:55  Stalker  
  81  15:57  Warp Prism  
  54  16:25  Adept  
  52  16:33  Immortal, Void Ray  
  53  16:47  Blink  
  53  16:55  Adept  
  43  17:11  Warp Prism  
  40  17:16  Oracle  
  41  17:25  Zealot  
  28  17:48  Observer  
  29  17:53  Phoenix  
  24  18:09  Warp Prism  
  26  18:19  Oracle  
  29  18:45  Observer  
  28  18:55  Void Ray  
  32  19:26  Pylon  
  32  19:51  Forge  
  32  20:14  Pylon  
  32  20:23  Pylon  
  32  20:29  Pylon  
  32  20:35  Photon Cannon  
  32  20:43  Photon Cannon  
  32  20:48  Photon Cannon  
  32  20:52  Photon Cannon  
  32  21:01  Photon Cannon  
  32  21:09  Photon Cannon  
  32  21:18  Photon Cannon  
  32  21:29  Photon Cannon  
  32  21:51  Photon Cannon  
  32  21:55  Photon Cannon  
  5  22:42  Nexus  
Tags
 
League
Silver
Matchup
PvT
Spawn Locations
Cross Positions
Add a new tag
Caveats
  • Supply blocks, unpowered buildings, or Contaminate may cause inaccurate times.
  • Supply counts are checked every 10 seconds.